 Dungeon Crawl Stone Soup version 0.27-a0-1200-g94dc6ad4cf (webtiles) character file.

Game seed: 16923900204565253648

338 bande the Covered (level 6, -2/38 HPs)
             Began as a Gargoyle Fighter on May 30, 2021.
             Slain by an unseen horror (5 damage)
             ... on level 5 of the Dungeon.
             The game lasted 00:06:15 (4147 turns).

bande the Covered (Gargoyle Fighter)                Turns: 4147, Time: 00:06:16

Health: -2/38      AC: 13    Str: 23    XL:     6   Next: 55%
Magic:  6/6        EV:  8    Int:  8    God:
Gold:   966        SH: 10    Dex: 10    Spells: 5/5 levels left

rFire    . . .     SeeInvis .   a - +1 war axe
rCold    . . .     Faith    .   c - +0 kite shield
rNeg     + . .     Spirit   .   b - +0 scale mail
rPois    ∞         Reflect  .   f - +1 hat
rElec    +         Harm     .   (no cloak)
rCorr    .         Rampage  .   (no gloves)
Will     .....                  g - +0 pair of boots
Stlth    ..........             (no amulet)
HPRegen  0.12/turn              (no ring)
MPRegen  0.10/turn              (no ring)

@: on berserk cooldown, slowed, very slow
A: sickness immunity, AC +4, negative energy resistance 1, electricity
resistance, torment resistance 1, petrification resistance, strong 1
a: no special abilities


You were on level 5 of the Dungeon.
You visited 1 branch of the dungeon, and saw 5 of its levels.

You collected 966 gold pieces.

Inventory:

Hand Weapons
 a - a +1 war axe (weapon)
 p - a +0 flail
Armour
 b - a +0 scale mail (worn)
 c - a +0 kite shield (worn)
 f - a +1 hat (worn)
 g - a +0 pair of boots (worn)
Jewellery
 j - a ring of see invisible
 k - a +6 ring of intelligence
 q - a ring of magical power
Wands
 h - a wand of flame (36)
Scrolls
 i - a scroll of holy word
 n - a scroll of identify
Potions
 d - 3 potions of might
 e - a potion of haste
 l - a potion of berserk rage
 m - a potion of cancellation
 o - a potion of mutation


   Skills:
 + Level 4.2 Fighting
 + Level 4.0 Axes
 + Level 4.5 Armour
 + Level 1.0 Dodging
 + Level 4.4 Shields
 * Level 0.7 Evocations


You had 5 spell levels left.
You didn't know any spells.
Your spell library was empty.

Dungeon Overview and Level Annotations

Branches:
Dungeon (5/15)
 Temple: D:4-7

Altars:
Dithmenos
Qazlal

Shops:
D:1 [


Innate Abilities, Weirdness & Mutations

You are immune to sickness and miasma.
Your stone body is resilient. (AC +4)
You are immune to poison.
You resist negative energy. (rN+)
You are resistant to electric shocks. (rElec)
You are resistant to unholy torment.
You are immune to petrification.
Your muscles are strong. (Str +2)


Message History

No target in view!
No target in view!
No target in view!
q - a ring of magical power
There is a strange disturbance nearby!
No target in view!
Something hits you but does no damage.
Deactivating autopickup; reactivate with Ctrl-A.
Something hits you but does no damage.
You closely miss something. Something hits you but does no damage.
Something hits you but does no damage. Something hits you but does no damage.
You closely miss something. Something hits you.
No target in view!
Something hits you.
You hit something. Something hits you but does no damage. Something hits you!
Something hits you but does no damage. Something hits you.
Something hits you but does no damage. Something hits you. Something hits you.
* * * LOW HITPOINT WARNING * * *
Something hits you.
* * * LOW HITPOINT WARNING * * *
You block something's attack. Something hits you but does no damage.
A red film seems to cover your vision as you go berserk!
You feel yourself moving faster!
You feel mighty! Something hits you.
* * * LOW HITPOINT WARNING * * *
You feel a strong urge to attack something.
Something hits you but does no damage.
You closely miss something. Something hits you but does no damage.
Something hits you.
* * * LOW HITPOINT WARNING * * *
Something hits you but does no damage.
You closely miss something. Something hits you but does no damage.
You feel a strong urge to attack something.
You feel your anger nearly subside.
You are no longer berserk.
You are exhausted.
You feel yourself slow down. Something hits you.
You die...

#. ### .. ..# #.#.
##..# ......##
###...#
........##...#
.......#...#.#
.......#.###.#
.....#.#.# ..##
.......{@##...#
..........#.#.#
#.#.............
.⌠.........#####.....
..#........# .....
####.....+ ...#
#.....# ...#
+.....#####...#
#..>..........#(# ..


There were no monsters in sight!

Vanquished Creatures
  A phantom (D:4)
  A jelly (D:3)
  2 bullfrog skeletons (D:5)
  A hound (D:5)
  An iguana (D:4)
  A hound skeleton (D:3)
  3 gnolls (D:2)
  2 ufetubi
  2 dart slugs
  7 orcs
  A bat (D:2)
  2 endoplasms
  A giant cockroach (D:4)
  6 goblins
  12 hobgoblins
  2 quokkas
  6 ball pythons
  2 frilled lizards
  9 kobolds
  6 rats
68 creatures vanquished.

Notes
Turn   | Place    | Note
-------+----------+-------------------------------------------
     0 | D:1      | bande the Gargoyle Fighter began the quest for the Orb.
     0 | D:1      | Reached XP level 1. HP: 14/14 MP: 1/1
   271 | D:1      | Reached XP level 2. HP: 19/19 MP: 2/2
   508 | D:1      | Found Itiulow's Antique Armour Boutique.
   724 | D:1      | Reached XP level 3. HP: 20/23 MP: 3/3
   725 | D:1      | Found a faded altar of an unknown god.
  1040 | D:1      | Gained mutation: You tend to lose your temper in combat.
                  | [potion of mutation]
  1040 | D:1      | Lost mutation: You tend to lose your temper in combat.
                  | [potion of mutation]
  1040 | D:1      | Gained mutation: Your muscles are strong. (Str +2) [potion
                  | of mutation]
  1271 | D:2      | Reached XP level 4. HP: 21/29 MP: 4/4
  1541 | D:2      | Identified a scroll of acquirement
  1541 | D:2      | Acquired 657 gold pieces
  2074 | D:3      | Found a stormy altar of Qazlal.
  2677 | D:4      | Reached XP level 5. HP: 30/33 MP: 5/5
  2815 | D:4      | Noticed a phantom
  2832 | D:4      | Killed a phantom
  3091 | D:4      | Reached XP level 6. HP: 7/38 MP: 6/6
  3544 | D:4      | Found a shadowy altar of Dithmenos.
  3912 | D:5      | Entered Level 5 of the Dungeon
  3976 | D:5      | Reached skill level 1 in Dodging
  4147 | D:5      | Slain by an unseen horror

Illustrated notes

Levels and vault maps discovered:
D:1:      mrwooster_arrival_statue_3, layout_rooms, serial_shops,
          nicolae_shop_window_shopping, ebering_ecumenical_altar_sacrificial,
          chequers_mini_garden
D:2:      layout_basic, minmay_heptomino_h4
D:3:      layout_rooms, amcnicky_altar_gilded, chequers_serial_rivers_micro_d
D:4:      layout_loops_ring, nicolae_dithmenos_through_a_glass_darkly,
          roderic_roman_lattice
D:5:      layout_rooms, evilmike_ruin_ashenzari, minmay_misc_feat_room,
          st_stairs_10

Skill      XL: |  1  2  3  4  5  6 |
---------------+-------------------+-----
Axes           | 2 3 4 |  4.0
Armour         | 4 |  4.5
Shields        | 4 |  4.4
Fighting       | 4 |  4.2
Dodging        | 1 |  1.0
Evocations     | |  0.7

Action                   |  1- 3 |  4- 6 || total
-------------------------+-------+-------++-------
Melee: War axe           |    82 |   161 ||   243
  Use: Scroll            |     2 |     9 ||    11
       Potion            |     2 |     1 ||     3
Armor: Scale mail        |    43 |   106 ||   149
Dodge: Dodged            |    19 |    59 ||    78
Block: Kite shield       |    43 |    89 ||   132

Table legend: (Time is in decaauts)
 A = Elapsed time spent in this place.
 B = Non-inter-level travel time spent in this place.
 C = Inter-level travel time spent in this place.
 D = Time resting spent in this place.
 E = Time spent auto-exploring this place.
 F = Levels seen in this place.
 G = Mean time per level.
                   A        B        C        D        E       F      G
               +--------+--------+--------+--------+--------+-----+--------+
         Total |   4284 |   4225 |     59 |    509 |   2946 |   5 |  856.8 |
       Dungeon |   4284 |   4225 |     59 |    509 |   2946 |   5 |  856.8 |
               +--------+--------+--------+--------+--------+-----+--------+

Top non-repeatable levels by time:
     D:4: 1306 daAuts
     D:1: 1228 daAuts
     D:2: 847 daAuts
     D:3: 653 daAuts
     D:5: 249 daAuts
